 Dungeon Crawl Stone Soup version 0.18-a0-1160-geb89fc2 (webtiles) character file.

1511 4thArraOfDagon the Basher (level 8, -15/88 HPs)
             Began as an Ogre Hunter on Jan 24, 2016.
             Was a Priest of the Shining One.
             Demolished by an orc warrior
             ... wielding a +1 short sword of venom
              (23 damage)
             ... on level 7 of the Dungeon.
             The game lasted 00:11:24 (1841 turns).

4thArraOfDagon the Basher (Ogre Hunter)             Turns: 1841, Time: 00:11:25

Health: -15/88     AC:  0    Str: 20    XL:     8   Next: 83%
Magic:  11/11      EV: 18    Int: 10    God:    the Shining One [***...]
Gold:   149        SH:  0    Dex: 10    Spells: 0 memorised, 7 levels left

rFire  . . .     SeeInvis .     (weapon currently unavailable)
rCold  . . .     Gourm    .     (armour currently unavailable)
rNeg   + . .     Faith    .     (shield currently unavailable)
rPois  .         Spirit   .     (helmet currently unavailable)
rElec  .         Dismiss  .     (cloak currently unavailable)
rCorr  .         Reflect  .     (gloves unavailable)
SustAt .         Harm     .     (boots unavailable)
MR     .....                    (amulet currently unavailable)
Stlth  +.........               (ring currently unavailable)
                                (ring currently unavailable)

@: porcupine-form, glowing, quick, not resistant to hostile enchantments, very
unstealthy
A: unfitting armour, (tough skin 0)
a: Divine Shield, Renounce Religion


You were on level 7 of the Dungeon.
You worshipped the Shining One.
The Shining One was most pleased with you.
You were not hungry.
You were a spiny porcupine.
You visited 1 branch of the dungeon, and saw 7 of its levels.
You also visited: Ossuary.

You collected 149 gold pieces.

Inventory:

Hand Weapons
 d - a cursed -1 giant club (melded)
 n - a +0 club
Armour
 l - a +0 robe (melded)
 C - a +0 cloak (melded)
Jewellery
 c - a ring of magical power (melded)
 m - an uncursed ring of ice
 B - an amulet of guardian spirit (melded)
Wands
 e - a wand of frost (10/48)
 o - a wand of teleportation (0/9)
 x - a wand of polymorph (0/24)
 y - a wand of polymorph (1/24)
 E - a wand of fireball (8/15)
Scrolls
 s - a scroll of fog {unknown}
 t - 2 scrolls of identify
 v - 3 scrolls of amnesia {unknown}
 w - 2 scrolls of remove curse
Potions
 a - a potion of curing
 b - 3 potions of agility {unknown}
 i - a potion of cure mutation {unknown}
 j - 2 potions of ambrosia {unknown}
 q - a potion of berserk rage {unknown}
 r - 2 potions of invisibility
 u - a potion of mutation {unknown}
 z - a potion of brilliance {unknown}
 D - 3 potions of flight {unknown}
Comestibles
 f - 4 bread rations
 g - 4 fruits
 h - a slice of pizza
 k - a meat ration
 p - a beef jerky
 A - 2 chunks of flesh
 F - a royal jelly


   Skills:
 + Level 7.7 Fighting
 * Level 10.4 Maces & Flails
 - Level 4.0 Throwing
 - Level 2.1 Dodging
 - Level 0.7 Stealth
 + Level 4.0 Invocations


You had 7 spell levels left.
You didn't know any spells.

Dungeon Overview and Level Annotations

Branches:
Dungeon (7/15)
 Temple: D:4-7

Altars:
Zin
The Shining One

Annotations:
D:6 Edmund


Innate Abilities, Weirdness & Mutations

You are too large for most types of armour.
((You have tough skin (AC +1).))


Message History

Some of the chunks of flesh in your inventory have rotted away.
You hit the orc warrior but do no damage.
The orc warrior is severely wounded.
You feel sick.
The orc warrior is struck by your spines.
The orc warrior hits you with a short sword of venom.
* * * LOW HITPOINT WARNING * * *
You are lethally poisoned!
An orc comes into view. It is wielding a flail.
Drink which item? (? for menu, Esc to quit)
You feel better.
The orc shouts!
The orc warrior is struck by your spines.
The orc warrior hits you with a short sword of venom!!
* * * LOW HITPOINT WARNING * * *
Unknown command.
Drink which item? (? for menu, Esc to quit)
You feel better.
The orc warrior hits you with a short sword of venom!!
You die...

...# .o.# #..#
#.. #.. #(# #.#
..############<#
.........ro.o..#
..##############


You could see an orc warrior and an orc.

Vanquished Creatures
  Prince Ribbit (D:6)
  Eustachio (D:6)
  Menkaure (D:5)
  Duvessa (D:5)
  An ogre (D:5)
  Blork the orc (D:5)
  2 giant frogs (D:6)
  Dowan (D:5)
  A water moccasin zombie (Ossuary)
  2 scorpions
  A crimson imp (D:6)
  A hound (D:4)
  3 orc wizards (D:6)
  A jelly (D:5)
  A giant frog skeleton (D:6)
  2 worker ants (D:4)
  4 big kobold zombies (Ossuary)
  2 mummies (Ossuary)
  5 gnolls (D:6)
  An adder (D:3)
  A shadow imp (D:5)
  An ooze (D:3)
  9 adder zombies (Ossuary)
  3 giant geckos
  An orc (D:6)
  A ball python (D:1)
  A hobgoblin (D:3)
  2 kobolds
  2 quokkas (D:5)
  4 bats
  A giant gecko zombie (D:6)
  3 giant newts
  3 gnoll zombies (Ossuary)
  4 goblins
  4 hobgoblin zombies (Ossuary)
  A jackal skeleton (D:5)
  2 kobold zombies (Ossuary)
  2 orc zombies (Ossuary)
  A rat (D:3)
79 creatures vanquished.

Vanquished Creatures (others)
  An orc zombie (Ossuary)
1 creature vanquished.

Grand Total: 80 creatures vanquished

Notes
Turn   | Place    | Note
--------------------------------------------------------------
     0 | D:1      | 4thArraOfDagon the Ogre Hunter began the quest for the Orb.
     0 | D:1      | Reached XP level 1. HP: 22/22 MP: 1/1
   246 | D:3      | Reached XP level 2. HP: 29/31 MP: 2/2
   342 | D:3      | Reached XP level 3. HP: 37/39 MP: 3/3
   453 | D:5      | Entered Level 5 of the Dungeon
   457 | D:5      | Noticed Menkaure
   463 | D:5      | Killed Menkaure
   463 | D:5      | Reached skill level 5 in Maces & Flails
   463 | D:5      | Reached XP level 4. HP: 22/48 MP: 4/4
   463 | D:5      | Reached XP level 5. HP: 24/54 MP: 5/5
   514 | D:5      | Found a glowing silver altar of Zin.
   525 | D:5      | Found a glowing golden altar of the Shining One.
   572 | D:6      | Reached skill level 6 in Maces & Flails
   572 | D:6      | Reached XP level 6. HP: 38/63 MP: 6/6
   583 | D:6      | Noticed Eustachio
   651 | D:5      | Noticed Dowan
   652 | D:5      | Noticed Duvessa
   657 | D:5      | Noticed Blork the orc
   662 | D:5      | Became a worshipper of the Shining One
   708 | D:5      | Reached skill level 5 in Fighting
   858 | D:5      | Killed Duvessa
   858 | D:5      | Reached skill level 7 in Maces & Flails
   877 | D:5      | Killed Dowan
   877 | D:5      | Reached XP level 7. HP: 59/74 MP: 7/7
   911 | D:5      | Killed Blork the orc
   931 | D:5      | Found a sand-covered staircase.
   936 | Ossuary  | Entered an ossuary
   982 | Ossuary  | Reached * piety under the Shining One
  1002 | Ossuary  | Reached skill level 8 in Maces & Flails
  1035 | Ossuary  | Reached ** piety under the Shining One
  1067 | Ossuary  | Reached skill level 1 in Invocations
  1458 | D:5      | Reached skill level 9 in Maces & Flails
  1458 | D:5      | Reached XP level 8. HP: 76/84 MP: 9/9
  1489 | D:6      | Killed Eustachio
  1529 | D:6      | Noticed Prince Ribbit
  1554 | D:6      | Killed Prince Ribbit
  1557 | D:6      | Reached skill level 10 in Maces & Flails
  1568 | D:6      | Noticed Edmund
  1595 | D:6      | Reached *** piety under the Shining One
  1840 | D:7      | HP: 1/88 [orc warrior/short sword of venom (19)]
  1841 | D:7      | Demolished by an orc warrior

Vault maps used:
D:1:      eino_arrival_druids_welcome
D:2:      grunt_qazlal_clouds, first_bread, uniq_robin, uniq_jessica
D:5:      tso_metal_star, enter_ossuary_2, basic_altar,
          gammafunk_pakellas_statue_experiment, uniq_blork_the_orc,
          uniq_menkaure, uniq_sigmund, uniq_duvessa
D:6:      minivault_10, uniq_eustachio, uniq_edmund, uniq_prince_ribbit1
D:7:      minmay_temple_entry_fiery
Ossuary:  ossuary_tomb_2

Action                   |  1- 3 |  4- 6 |  7- 9 || total
-------------------------+-------+-------+-------++-------
Melee: Short sword       |    40 |       |       ||    40
       Club              |     7 |    12 |       ||    19
       Giant club        |       |    16 |   135 ||   151
       Unarmed           |       |       |     3 ||     3
Throw: Large rock        |     7 |    15 |    13 ||    35
       Throwing net      |     3 |     2 |       ||     5
Evoke: Wand              |       |     7 |    19 ||    26
  Use: Scroll            |     5 |     1 |     1 ||     7
       Potion            |       |       |     3 ||     3
 Stab: Held in net/web   |       |     2 |       ||     2
  Eat: Chunk             |       |       |     3 ||     3
